 Dungeon Crawl Stone Soup version 0.28-a0-677-g3278d6a771 (webtiles) character file.

Game seed: 8598794069268968754

0 Gargoyl the Skirmisher (level 1, -8/23 HPs)
             Began as a Gnoll Abyssal Knight on Oct 18, 2021.
             Was a Follower of Lugonu.
             Killed from afar by a raiju (22 damage)
             ... with a living lightning
             ... on level 2 of the Abyss.
             The game lasted 00:00:41 (200 turns).

Gargoyl the Skirmisher (Gnoll Abyssal Knight)        Turns: 200, Time: 00:00:42

Health: -8/23      AC:  3    Str: 12    XL:     1   Next: 0%
Magic:  3/3        EV: 12    Int:  9    God:    Lugonu [*.....]
Gold:   0          SH:  0    Dex: 12    Spells: 0/0 levels left

rFire   . . .      SeeInvis .   a - +1 hand axe
rCold   . . .      Faith    .   (no shield)
rNeg    . . .      Spirit   .   b - +0 leather armour
rPois   .          Reflect  .   (no helmet)
rElec   .          Harm     .   (no cloak)
rCorr   .          Rampage  .   (no gloves)
Will    .....                   (no boots)
Stlth   +.........              (no amulet)
HPRegen 0.07/turn               (no ring)
MPRegen 0.08/turn               (no ring)

@: no status effects
A: fangs 1, strong nose, distributed training
a: Renounce Religion, Depart the Abyss


You were on level 2 of the Abyss.
You worshipped Lugonu.
Lugonu was aware of your devotion.
You visited 0 branches of the dungeon, and saw 0 of its levels.
You visited the Abyss 1 time.

Inventory:

Hand Weapons
 a - a +1 hand axe (weapon)
Armour
 b - a +0 leather armour (worn)
Scrolls
 c - a scroll of identify


   Skills:
 + Level 6.4 Fighting
 + Level 0.0 Short Blades
 + Level 0.0 Long Blades
 + Level 4.4 Axes
 + Level 0.0 Maces & Flails
 + Level 0.0 Polearms
 + Level 0.0 Staves
 + Level 0.0 Slings
 + Level 0.0 Bows
 + Level 0.0 Crossbows
 + Level 0.0 Throwing
 + Level 4.4 Armour
 + Level 2.3 Dodging
 + Level 0.0 Stealth
 + Level 0.0 Shields
 + Level 0.0 Unarmed Combat
 + Level 0.0 Spellcasting
 + Level 0.0 Conjurations
 + Level 0.0 Hexes
 + Level 0.0 Summonings
 + Level 0.0 Necromancy
 + Level 0.0 Translocations
 + Level 0.0 Transmutations
 + Level 0.0 Fire Magic
 + Level 0.0 Ice Magic
 + Level 0.0 Air Magic
 + Level 0.0 Earth Magic
 + Level 0.0 Poison Magic
 + Level 4.4 Invocations
 + Level 0.0 Evocations


You couldn't memorise any spells.
You didn't know any spells.
Your spell library was empty.

Dungeon Overview and Level Annotations

Branches:
Dungeon (0/15)

Altars:


Innate Abilities, Weirdness & Mutations

You have very sharp teeth.
Your uncanny sense of smell can sniff out nearby items.
Your experience applies equally to all skills.


Message History

The starspawn tentacle grabs you. The starspawn tentacle constricts you.
You escape the starspawn tentacle's grasp.
An iron imp comes into view.
The iron imp shouts, "Submit, thou frothy toot-wallowing baggage!"
The iron imp picks up a beetle and eats it.
The iron imp grinds its teeth.
A crimson imp comes into view.
An iron imp comes into view.
The iron imp closely misses you. The crimson imp spits at you.
The crimson imp sputters.
A large abomination comes into view.
You hit the large abomination but do no damage.
You hit the iron imp but do no damage.
The large abomination closely misses you.
The iron imp hits you.
Unknown command.
The iron imp lashes its tail.
Found 12 arrows.
Found a gateway leading deeper into the Abyss.
A large abomination comes into view.
There is a gateway leading deeper into the Abyss here.
You plunge deeper into the Abyss.
Found a leather armour.
Found 22 sling bullets.
A starcursed mass materialises.
A starcursed mass is nearby!
A raiju comes into view.
The raiju barks!
You hear a bark! x2
The raiju bursts into living lightning!
The living lightning misses you.
The raiju blinks!
A raiju comes into view.
The raiju barks!
The raiju bursts into living lightning!
The living lightning hits you!
The raiju blinks!
Found an opal ring.
The raiju barely misses you.
The raiju bursts into living lightning!
The living lightning hits you!!
Ouch! That really hurt!
You die...

.. . #.. .. ... #..
#### #.##
....#.#.##=#..
........# h#
#..#..# .#
...#.#@h###.#
#.....(#.##
#.[#.#....####
#..#.........#
....##.#.####.#
#.#...##....# #.#
#.....## .. ## ..
###....######.## .#
.##...#..#..#......
.


You could see a raiju.

Vanquished Creatures (others)
  4 starspawn tentacles (Abyss:1)
4 creatures vanquished.

Notes
Turn   | Place    | Note
-------+----------+-------------------------------------------
     0 | Abyss:1  | Gargoyl the Gnoll Abyssal Knight began the quest for the
                  | Orb.
     0 | Abyss:1  | Reached XP level 1. HP: 23/23 MP: 3/3
    55 | Abyss:1  | Noticed a small abomination
    65 | Abyss:1  | Noticed a revenant
    93 | Abyss:1  | Noticed a tentacled starspawn
   110 | Abyss:1  | Noticed an iron imp
   124 | Abyss:1  | Noticed a crimson imp
   135 | Abyss:1  | Noticed an iron imp
   142 | Abyss:1  | Noticed a large abomination
   158 | Abyss:1  | Noticed a large abomination
   191 | Abyss:2  | Noticed a starcursed mass
   194 | Abyss:2  | Noticed a raiju
   196 | Abyss:2  | Noticed a raiju
   200 | Abyss:2  | Killed from afar by a raiju

Illustrated notes

Levels and vault maps discovered:
Abyss:2:  base:
Temple

Action                   || total
-------------------------++-------
Melee: Hand axe          ||     2
  Use: Scroll            ||     1
Dodge: Dodged            ||     5

Table legend: (Time is in decaauts)
 A = Elapsed time spent in this place.
 B = Non-inter-level travel time spent in this place.
 C = Inter-level travel time spent in this place.
 D = Time resting spent in this place.
 E = Time spent auto-exploring this place.
 F = Levels seen in this place.
 G = Mean time per level.
                   A        B        C        D        E       F      G
               +--------+--------+--------+--------+--------+-----+--------+
         Total |    199 |    199 |      0 |      0 |     77 |   2 |   99.5 |
         Abyss |    199 |    199 |      0 |      0 |     77 |   2 |   99.5 |
               +--------+--------+--------+--------+--------+-----+--------+

Top non-repeatable levels by time:
 Abyss:1: 161 daAuts
 Abyss:2: 38 daAuts
